 Dungeon Crawl Stone Soup version 0.22.1-2-g9c5b331 (webtiles) character file.

67 redwoodhats the Charmwright (level 4, 0/34 HPs)
             Began as a Gnoll Skald on Dec 2, 2018.
             Slain by a hound zombie (2 damage)
             ... on level 4 of the Dungeon.
             The game lasted 00:09:50 (1441 turns).

redwoodhats the Charmwright (Gnoll Skald)           Turns: 1441, Time: 00:09:51

Health: 0/34       AC:  4    Str: 13    XL:     4   Next: 18%
Magic:  7/11       EV: 14    Int: 17    God:
Gold:   55         SH:  0    Dex: 14    Spells: 12/13 levels left

rFire    . . .     SeeInvis .     - Unarmed
rCold    . . .     Gourm    .   (no shield)
rNeg     . . .     Faith    .   a - +0 leather armour
rPois    .         Spirit   .   (no helmet)
rElec    .         Reflect  .   k - +0 cloak
rCorr    .         Harm     .   (no gloves)
MR       +....                  (no boots)
Stlth    +.........             (no amulet)
HPRegen  0.11/turn              (no ring)
MPRegen  0.12/turn              (no ring)

@: infused
A: distributed training, fangs 1, frail 1, magic resistance 1, strong nose
a: no special abilities


You were on level 4 of the Dungeon.
You were not hungry.

You visited 1 branch of the dungeon, and saw 3 of its levels.

You collected 55 gold pieces.

Inventory:

Hand Weapons
 m - a +0 hunting sling
Missiles
 b - 21 poisoned needles
 d - 3 tomahawks (quivered)
 h - 12 sling bullets
Armour
 a - a +0 leather armour (worn)
 e - a scarf of repulsion
 g - a +0 robe
 j - a cursed +0 chain mail
 k - a +0 cloak (worn)
Scrolls
 f - 2 scrolls of identify
Comestibles
 c - 2 rations


   Skills:
 + Level 4.6 Fighting
 + Level 1.0 Short Blades
 + Level 1.0 Long Blades
 + Level 1.0 Axes
 + Level 1.0 Maces & Flails
 + Level 1.0 Polearms
 + Level 1.0 Staves
 + Level 1.0 Slings
 + Level 1.0 Bows
 + Level 1.0 Crossbows
 + Level 1.0 Throwing
 + Level 2.7 Armour
 + Level 4.6 Dodging
 + Level 1.0 Stealth
 + Level 1.0 Shields
 + Level 4.6 Unarmed Combat
 + Level 5.0 Spellcasting
 + Level 0.8 Conjurations
 + Level 0.8 Hexes
 + Level 5.4 Charms
 + Level 0.8 Summonings
 + Level 0.8 Necromancy
 + Level 0.8 Translocations
 + Level 0.8 Transmutations
 + Level 0.8 Fire Magic
 + Level 0.8 Ice Magic
 + Level 0.8 Air Magic
 + Level 0.8 Earth Magic
 + Level 0.8 Poison Magic
 + Level 1.1 Invocations
 + Level 1.0 Evocations


You had 12 spell levels left.
You knew the following spells:

 Your Spells              Type           Power        Failure   Level  Hunger
a - Infusion              Chrm           ###.         1%          1    None

Your spell library contained the following spells:

 Spells                   Type           Power        Failure   Level  Hunger
 Song of Slaying          Chrm           ###.....     3%          2    #......
 Shroud of Golubria       Chrm/Tloc      ###.......   8%          2    #......
 Regeneration             Chrm/Necr      ###.......   16%         3    ###....
 Spectral Weapon          Hex/Chrm       ###.....     16%         3    ###....


Dungeon Overview and Level Annotations

Branches:
Dungeon (2/15)

Altars:

Annotations:
D:4 Blork the orc


Innate Abilities, Weirdness & Mutations

Your experience applies equally to all skills.
You have very sharp teeth.
Your uncanny sense of smell can sniff out nearby items.
You are frail. (-10% HP)
You are resistant to hostile enchantments. (MR+)


Message History

The hound zombie misses you. The quokka closely misses you.
The hound zombie completely misses you. The quokka closely misses you.
You open the door.
A dart slug comes into view.
The hound zombie misses you.
The quokka bites you but does no damage.
The hound zombie closely misses you.
A dart slug comes into view.
The dart slug moves out of view.
There is an open door here.
Found 4 gold pieces.
The dart slug launches a dart at you. The slug dart hits you!
* * * LOW HITPOINT WARNING * * *
The hound zombie bites you but does no damage.
You see here 4 gold pieces.
The hound zombie bites you but does no damage.
The hound zombie bites you.
You die...

≈≈≈≈ ≈≈≈≈≈≈≈#≈
≈≈≈≈#≈≈≈≈#≈
≈≈≈≈≈≈≈≈≈≈
≈≈≈≈≈#≈≈≈≈
.≈≈≈≈≈≈#.#+###
..≈≈.≈≈..w@..#
...w..{rZ...#
.#....$...#
##..##...#
##'#######
#........#
#........#
#........#
#........#


You could see 2 dart slugs, a hound zombie and a quokka.

Vanquished Creatures
  A gnoll (D:1)
  2 adders (D:2)
  2 worms (D:2)
  A dart slug (D:2)
  A leopard gecko (D:4)
  A giant cockroach (D:1)
  4 goblins (D:1)
  4 hobgoblins (D:1)
  4 jackals (D:1)
  2 kobolds
  A quokka (D:2)
  2 bats (D:1)
  A frilled lizard (D:4)
  5 rats
31 creatures vanquished.

Notes
Turn   | Place    | Note
-------+----------+-------------------------------------------
     0 | D:1      | redwoodhats the Gnoll Skald began the quest for the Orb.
     0 | D:1      | Reached XP level 1. HP: 20/20 MP: 6/6
   239 | D:1      | Reached XP level 2. HP: 26/26 MP: 2/7
   417 | D:1      | Reached XP level 3. HP: 30/31 MP: 3/9
   433 | D:1      | Reached skill level 5 in Spellcasting
  1035 | D:2      | Reached skill level 1 in Invocations
  1131 | D:2      | Reached skill level 1 in Short Blades
  1131 | D:2      | Reached skill level 1 in Long Blades
  1131 | D:2      | Reached skill level 1 in Axes
  1131 | D:2      | Reached skill level 1 in Maces & Flails
  1131 | D:2      | Reached skill level 1 in Polearms
  1131 | D:2      | Reached skill level 1 in Staves
  1131 | D:2      | Reached skill level 1 in Slings
  1131 | D:2      | Reached skill level 1 in Bows
  1131 | D:2      | Reached skill level 1 in Crossbows
  1131 | D:2      | Reached skill level 1 in Throwing
  1131 | D:2      | Reached skill level 1 in Stealth
  1131 | D:2      | Reached skill level 1 in Shields
  1131 | D:2      | Reached skill level 1 in Evocations
  1131 | D:2      | Reached XP level 4. HP: 28/38 MP: 4/11
  1412 | D:2      | You fall through a shaft for 2 floors!
  1412 | D:4      | Noticed Blork the orc
  1413 | D:4      | Gained mutation: You are frail. (-10% HP) [potion of
                  | mutation]
  1413 | D:4      | Gained mutation: You are resistant to hostile enchantments.
                  | (MR+) [potion of mutation]
  1441 | D:4      | Slain by a hound zombie

Skill      XL: |  1  2  3 |
---------------+----------+-----
Spellcasting   | 5 |  5.0
Invocations    | 1 |  1.1
Short Blades   | 1 |  1.0
Long Blades    | 1 |  1.0
Axes           | 1 |  1.0
Maces & Flails | 1 |  1.0
Polearms       | 1 |  1.0
Staves         | 1 |  1.0
Slings         | 1 |  1.0
Bows           | 1 |  1.0
Crossbows      | 1 |  1.0
Throwing       | 1 |  1.0
Stealth        | 1 |  1.0
Shields        | 1 |  1.0
Evocations     | 1 |  1.0
Fighting       | |  4.6
Armour         | |  2.7
Dodging        | |  4.6
Unarmed Combat | |  4.6
Conjurations   | |  0.8
Hexes          | |  0.8
Charms         | |  5.4
Summonings     | |  0.8
Necromancy     | |  0.8
Translocations | |  0.8
Transmutations | |  0.8
Fire Magic     | |  0.8
Ice Magic      | |  0.8
Air Magic      | |  0.8
Earth Magic    | |  0.8
Poison Magic   | |  0.8

Action                   |  1- 3 |  4- 6 || total
-------------------------+-------+-------++-------
Melee: Unarmed           |    76 |    27 ||   103
       Bite              |     6 |     1 ||     7
 Cast: Infusion          |     8 |     1 ||     9
  Use: Scroll            |     3 |       ||     3
       Potion            |     2 |     1 ||     3
  Eat: Ration            |     1 |       ||     1
Armor: Leather armour    |    11 |    13 ||    24
Dodge: Dodged            |    40 |    33 ||    73
